 Dungeon Crawl Stone Soup version 0.26.1-11-gd32895ea62 (webtiles) character file.

Game seed: 4799346141635052639

212 H0rd4k the Insei (level 5, 0/33 HPs)
             Began as an Octopode Transmuter on May 20, 2021.
             Succumbed to an adder's poison
             ... on level 4 of the Dungeon.
             The game lasted 00:03:36 (3484 turns).

H0rd4k the Insei (Octopode Transmuter)              Turns: 3484, Time: 00:03:37

Health: 0/33       AC:  1    Str:  9    XL:     5   Next: 90%
Magic:  9/9        EV: 14    Int: 16    God:
Gold:   168        SH:  0    Dex: 13    Spells: 5/9 levels left

rFire    . . .     SeeInvis +     - Unarmed
rCold    . . .     Faith    .   (no shield)
rNeg     . . .     Spirit   .   (helmet restricted)
rPois    .         Reflect  .   (no amulet)
rElec    .         Harm     .   a - ring of see invisible
rCorr    .         Rampage  .   (no ring)
Will     .....                  (no ring)
Stlth    ++........             (no ring)
HPRegen  0.11/turn              (no ring)
MPRegen  0.11/turn              (no ring)
                                (no ring)
                                (no ring)

@: lethally poisoned (0 -> -2)
A: almost no armour, stealthy swim, amphibious, 8 rings, constrict 8, camouflage
1, gelatinous body 1
a: no special abilities


You were on level 4 of the Dungeon.
You visited 1 branch of the dungeon, and saw 4 of its levels.

You collected 168 gold pieces.

Inventory:

Missiles
 l - 29 poisoned darts
Jewellery
 a - a ring of see invisible (left tentacle)
Scrolls
 b - 3 scrolls of teleportation {unknown}
 c - 2 scrolls of fear {unknown}
 h - a scroll of random uselessness {unknown}
 i - a scroll of fog {unknown}
 k - 2 scrolls of amnesia {unknown}
 n - 2 scrolls of remove curse
 p - a scroll of identify {unknown}
 q - a scroll of noise {unknown}
Potions
 d - a potion of magic {unknown}
 e - a potion of attraction {unknown}
 f - 2 potions of heal wounds
 g - 2 potions of lignification {unknown}
 j - a potion of cancellation {unknown}
 m - a potion of brilliance {unknown}
 o - 2 potions of curing {unknown}
 r - 2 potions of mutation {unknown}
 s - a potion of haste {unknown}


   Skills:
 + Level 1.5 Fighting
 + Level 2.8 Dodging
 - Level 0.7 Stealth
 + Level 4.6 Unarmed Combat
 * Level 2.8 Spellcasting
 * Level 2.8 Transmutations
 + Level 1.6 Poison Magic


You had 5 spell levels left.
You knew the following spells:

 Your Spells              Type           Power        Failure   Level
a - Beastly Appendage     Tmut           22%          6%          1
b - Spider Form           Tmut/Pois      4%           22%         3

Your spell library contained the following spells:

 Spells                   Type           Power        Failure   Level
 Wereblood                Tmut           11%          9%          2
 Ice Form                 Ice/Tmut       6%           71%         4
 Blade Hands              Tmut           5%           86%         5


Dungeon Overview and Level Annotations

Branches:
Dungeon (4/15)
 Temple: D:4-7

Altars:
Qazlal
Vehumet


Innate Abilities, Weirdness & Mutations

You cannot wear most types of armour.
You are very stealthy in the water. (Stealth+)
You are amphibious.
You can wear up to eight rings at the same time.
You can use your tentacles to constrict eight enemies at once.
Your skin changes colour to match your surroundings (Stealth+).
Your rubbery body absorbs attacks. (AC +1, EV +1)


Message History

You are too injured to fight recklessly!
The adder hisses angrily.
You see here a scroll of remove curse.
n - 2 scrolls of remove curse (gained 1)
The phantom hits you.
The phantom blinks!
The phantom hits you.
* * * LOW HITPOINT WARNING * * *
The adder bites you.
* * * LOW HITPOINT WARNING * * *
You are poisoned.
The adder poisons you!
You feel sick.
You tentacle-slap the phantom but do no damage.
The phantom is lightly damaged.
The phantom hits you.
* * * LOW HITPOINT WARNING * * *
* * * LOW HITPOINT WARNING * * *
You feel sick.
There is a stone staircase leading up here.
You die...

#. # #. #. #.#
#.###.#######
##........)..#
#........###.#
#........W@..#
#........#######.#
#........'.......#
#..........######
#.....####.#
#.......##.##
#...##..##..##
#####........##
#..........#


You could see a phantom.

Vanquished Creatures
  An orc priest (D:3)
  Terence (D:1)
  An orc wizard (D:2)
  A hound skeleton (D:4)
  3 adders (D:3)
  2 oozes
  2 worms
  3 dart slugs (D:1)
  2 leopard geckos
  7 orcs
  5 giant cockroaches
  10 goblins
  6 hobgoblins
  3 jackals (D:3)
  3 kobolds (D:3)
  3 quokkas
  5 bats
  2 frilled lizards
  A leopard gecko zombie (D:4)
  5 rats
66 creatures vanquished.

Notes
Turn   | Place    | Note
-------+----------+-------------------------------------------
     0 | D:1      | H0rd4k the Octopode Transmuter began the quest for the Orb.
     0 | D:1      | Reached XP level 1. HP: 13/13 MP: 3/3
   327 | D:1      | Reached XP level 2. HP: 18/18 MP: 5/5
   879 | D:1      | Reached XP level 3. HP: 23/23 MP: 6/6
   966 | D:2      | Noticed Terence
   979 | D:1      | Killed Terence
   986 | D:1      | Learned a level 3 spell: Spider Form
  1096 | D:1      | HP: 1/23 [ooze (3)]
  1540 | D:2      | Reached XP level 4. HP: 23/28 MP: 7/7
  1701 | D:2      | Reached skill level 4 in Unarmed Combat
  1711 | D:2      | Reached skill level 1 in Poison Magic
  2153 | D:3      | Reached XP level 5. HP: 16/33 MP: 8/8
  2406 | D:3      | Found a stormy altar of Qazlal.
  3170 | D:3      | Found a radiant altar of Vehumet.
  3459 | D:4      | Noticed a phantom
  3480 | D:4      | HP: 1/33 [poisoned by an adder]
  3484 | D:4      | Succumbed to an adder's poison

Illustrated notes

Levels and vault maps discovered:
D:1:      nicolae_arrival_memento_mori, layout_basic
D:2:      layout_basic, minivault_23, uniq_terence
D:3:      layout_rooms, lemuel_crystal_altar, marbit_many_paths,
          minmay_pentomino_pile
D:4:      layout_basic, kennysheep_mini, nicolae_tso_besieged_by_evil,
          st_stairs_5, minmay_crossroads

Skill      XL: |  1  2  3  4 |
---------------+-------------+-----
Unarmed Combat | 4 |  4.6
Poison Magic   | 1 |  1.6
Fighting       | |  1.5
Dodging        | |  2.8
Stealth        | |  0.7
Spellcasting   | |  2.8
Transmutations | |  2.8

Action                   |  1- 3 |  4- 6 || total
-------------------------+-------+-------++-------
Melee: Unarmed           |    56 |   127 ||   183
       Constrict         |    14 |    32 ||    46
       Tentacles         |    10 |    21 ||    31
       Punch             |     2 |     3 ||     5
  Use: Scroll            |     1 |       ||     1
       Potion            |       |     1 ||     1
 Stab: Sleeping          |     2 |     5 ||     7
Armor: Skin              |     4 |     4 ||     8
Dodge: Dodged            |    36 |    70 ||   106
